Map: Lost and Found LE

Players

ShoWTimE - Winner!

  • Race: Protoss Protoss
  • Spawn Location: 7:00

harstem

  • Race: Protoss Protoss
  • Spawn Location: 1:00

Event: WCS Austin 2018

VOD

Have the link to the VOD?

Description

Time

  • Played on: June 1, 2018, 10:13 p.m.
  • Length: 4:44

All games in this series

Show
View Real Time Build Order
Export as new Build Order

ShoWTimE Protoss - Winner!

Build Orders:  

Get SALT Encoding   

  12  0:00  Probe  
  13  0:12  Probe  
  14  0:17  Pylon  
  14  0:24  Probe  
  15  0:32  Probe  
  15  0:37  Gateway  
  15  0:40  Probe  
  16  0:46  Assimilator  
  17  0:51  Probe  
  17  0:54  Assimilator  
  18  1:03  Probe  
  19  1:06  Forge  
  19  1:15  Probe, Pylon  
  20  1:20  Zealot  
  20  1:32  Probe  
  23  1:37  Cybernetics Core  
  23  1:47  Photon Cannon  
  23  1:54  Pylon  
  23  2:12  Probe  
  23  2:13  Photon Cannon  
  24  2:20  Probe  
  24  2:22  Assimilator, Warp Gate  
  24  2:28  Probe  
  25  2:34  Pylon  
  26  2:39  Gateway  
  26  2:55  Stargate  
  26  2:58  Gateway  
  26  3:08  Gateway  
  26  3:26  Stalker  
  28  3:27  Void Ray  
  28  3:28  Shield Battery  
  34  3:56  Pylon  
  34  4:01  Void Ray  
  36  4:29  Stalker x3  
  42  4:40  Shield Battery  
Show
View Real Time Build Order
Export as new Build Order

harstem Protoss 

Build Orders:  

Get SALT Encoding   

  12  0:00  Probe  
  13  0:08  Probe  
  14  0:17  Probe, Pylon  
  15  0:35  Probe  
  16  0:38  Forge  
  16  0:56  Pylon  
  16  1:02  Pylon  
  16  1:03  Pylon  
  16  1:15  Photon Cannon  
  16  1:21  Photon Cannon  
  16  1:28  Gateway  
  16  1:43  Probe  
  17  1:55  Probe, Pylon  
  18  2:04  Assimilator  
  18  2:05  Assimilator  
  17  2:23  Probe, Photon Cannon  
  18  2:30  Cybernetics Core  
  18  2:31  Probe  
  19  2:40  Probe  
  20  2:46  Pylon  
  20  2:52  Probe  
  21  3:04  Probe  
  22  3:06  Stargate  
  22  3:12  Adept  
  24  3:14  Pylon  
  24  3:16  Probe  
  25  3:28  Probe  
  26  3:39  Void Ray  
  26  3:42  Nexus  
  30  4:02  Shield Battery  
  30  4:18  Shield Battery  
  30  4:24  Pylon  
  30  4:26  Pylon  
  29  4:40  Pylon  
Tags
 
Add a new tag
Caveats
  • Supply blocks, unpowered buildings, or Contaminate may cause inaccurate times.
  • Supply counts are checked every 10 seconds.